PCL
LAS VEGAS STARS @ ALBUQUERQUE ISOTOPES
04/23/2024
 
TOP OF THE 1ST
Las Vegas Stars batting - Pitching for Albuquerque Isotopes : RHP Jesús Silva
Pitching: RHP Jesús Silva
Batting: LHB Paco Rivera 0-0: Called Strike
0-1: Ball
1-1: Foul Ball, location: 2F
1-2: Ball
2-2: SOLO HOME RUN (Flyball, 9D), Distance : 389 ft
Batting: RHB Ryan Campbell 0-0: Ball
1-0: Ball
2-0: Ball
3-0: Called Strike
3-1: Base on Balls
Batting: LHB Eliot Helen 0-0: Swinging Strike
0-1: Ball
1-1: Ball
2-1: Foul Ball, location: 2F
2-2: Fly out, F8 (Line Drive, 8LM)
Batting: SHB Sloan James 0-0: Ball
1-0: Called Strike
1-1: Ball
2-1: Fly out, F8 (Flyball, 8RS)
Batting: LHB Fernando De La Cruz 0-0: Ball
1-0: Ball
2-0: Called Strike
2-1: Ground out 4-3 (Groundball, 4)
Top of the 1st over - 1 run(s), 1 hit(s), 0 error(s), 1 left on base; Las Vegas 1 - Albuquerque 0
BOTTOM OF THE 1ST
Albuquerque Isotopes batting - Pitching for Las Vegas Stars : RHP Brett Dwyer
Pitching: RHP Brett Dwyer
Batting: SHB Tony McLaughlin 0-0: Foul Ball, location: 2F
0-1: Ball
1-1: Ball
2-1: Foul Ball, location: 2F
2-2: Foul Ball, location: 2F
2-2: Foul Ball, location: 2F
2-2: Foul Ball, location: 2F
2-2: Ball
3-2: Base on Balls
Batting: RHB Doug Stephens 0-0: Called Strike
0-1: Ball
Tony McLaughlin is caught stealing 2nd base
1-1: Ball
2-1: Foul Ball, location: 2F
2-2: Foul Ball, location: 2F
2-2: Ball
3-2: Strikes out swinging
Batting: LHB Donald Camp 0-0: Ball
1-0: Called Strike
1-1: Ball
2-1: Foul Ball, location: 2F
2-2: Fly out, F8 (Flyball, 8LM)
Bottom of the 1st over - 0 run(s), 0 hit(s), 0 error(s), 0 left on base; Las Vegas 1 - Albuquerque 0
TOP OF THE 2ND
Las Vegas Stars batting - Pitching for Albuquerque Isotopes : RHP Jesús Silva
Batting: RHB Matthieu Vancini 0-0: Called Strike
0-1: Foul Ball, location: 2F
0-2: Strikes out swinging
Batting: RHB Brian George 0-0: Foul Ball, location: 2F
0-1: Ball
1-1: Called Strike
1-2: Reached on error, E5 (Groundball, 56)
Batting: LHB Evan Slootweg 0-0: Fly out, F7 (Flyball, 7LM)
Batting: RHB Bud Major 0-0: Ball
1-0: Swinging Strike
1-1: SINGLE (Line Drive, 7S)
Brian George to second
Batting: LHB Paco Rivera 0-0: Fly out, F7 (Flyball, 78S)
Top of the 2nd over - 0 run(s), 1 hit(s), 1 error(s), 2 left on base; Las Vegas 1 - Albuquerque 0
BOTTOM OF THE 2ND
Albuquerque Isotopes batting - Pitching for Las Vegas Stars : RHP Brett Dwyer
Batting: RHB Edward Young 0-0: Called Strike
0-1: Ground out 5-3 (Groundball, 56S)
Batting: LHB Domingo Cardona 0-0: Ball
1-0: Called Strike
1-1: Swinging Strike
1-2: Strikes out swinging
Batting: RHB Roberto Pérez 0-0: Ball
1-0: Ball
2-0: Ball
3-0: Called Strike
3-1: Swinging Strike
3-2: Strikes out looking
Bottom of the 2nd over - 0 run(s), 0 hit(s), 0 error(s), 0 left on base; Las Vegas 1 - Albuquerque 0
TOP OF THE 3RD
Las Vegas Stars batting - Pitching for Albuquerque Isotopes : RHP Jesús Silva
Batting: RHB Ryan Campbell 0-0: Ball
1-0: Called Strike
1-1: Called Strike
1-2: Strikes out swinging
Batting: LHB Eliot Helen 0-0: Ball
1-0: Ball
2-0: Ball
3-0: Base on Balls
Batting: SHB Sloan James 0-0: Called Strike
0-1: Swinging Strike
0-2: Strikes out swinging
Batting: LHB Fernando De La Cruz 0-0: Ball
1-0: Ball
2-0: Ball
3-0: Base on Balls
Eliot Helen to second
Batting: RHB Matthieu Vancini 0-0: Ball
1-0: Ball
2-0: Ball
3-0: Called Strike
3-1: Base on Balls
Eliot Helen to third
Fernando De La Cruz to second
Batting: RHB Brian George 0-0: Ball
1-0: Fly out, F7 (Line Drive, 78XD)
Top of the 3rd over - 0 run(s), 0 hit(s), 0 error(s), 3 left on base; Las Vegas 1 - Albuquerque 0
BOTTOM OF THE 3RD
Albuquerque Isotopes batting - Pitching for Las Vegas Stars : RHP Brett Dwyer
Batting: RHB Wilson Gonzáles 0-0: Ground out 2-3 (Groundball, 23)
Batting: RHB Sze Qi 0-0: SINGLE (Line Drive, 6MD)
Batting: RHB Len Burke 0-0: Swinging Strike
0-1: Ball
1-1: Ball
2-1: Ball
3-1: Swinging Strike
3-2: Strikes out swinging
Batting: SHB Tony McLaughlin 0-0: Called Strike
0-1: Ball
1-1: Ball
2-1: Ground out 4-3 (Groundball, 13)
Bottom of the 3rd over - 0 run(s), 1 hit(s), 0 error(s), 1 left on base; Las Vegas 1 - Albuquerque 0
TOP OF THE 4TH
Las Vegas Stars batting - Pitching for Albuquerque Isotopes : RHP Jesús Silva
Batting: LHB Evan Slootweg 0-0: Ball
1-0: Called Strike
1-1: Ball
2-1: Ball
3-1: Called Strike
3-2: Foul Ball, location: 2F
3-2: Foul Ball, location: 2F
3-2: Ground out 4-3 (Groundball, 4M)
Batting: RHB Bud Major 0-0: Ball
1-0: Called Strike
1-1: SINGLE (Groundball, 56D)
Batting: LHB Paco Rivera 0-0: Ball
1-0: Swinging Strike
1-1: Grounds into double play, 6-4-3 (Groundball, 6)
Top of the 4th over - 0 run(s), 1 hit(s), 0 error(s), 0 left on base; Las Vegas 1 - Albuquerque 0
BOTTOM OF THE 4TH
Albuquerque Isotopes batting - Pitching for Las Vegas Stars : RHP Brett Dwyer
Batting: RHB Doug Stephens 0-0: Ball
1-0: Swinging Strike
1-1: Fly out, F8 (Flyball, 8LD)
Batting: LHB Donald Camp 0-0: Called Strike
0-1: Ground out 4-3 (Groundball, 4M)
Batting: RHB Edward Young 0-0: Called Strike
0-1: Called Strike
0-2: Foul Ball, location: 2F
0-2: Foul Ball, location: 2F
0-2: Strikes out swinging
Bottom of the 4th over - 0 run(s), 0 hit(s), 0 error(s), 0 left on base; Las Vegas 1 - Albuquerque 0
TOP OF THE 5TH
Las Vegas Stars batting - Pitching for Albuquerque Isotopes : RHP Jesús Silva
Batting: RHB Ryan Campbell 0-0: Ball
1-0: Called Strike
1-1: Ball
2-1: Ball
3-1: SINGLE (Groundball, 6MD)
Batting: LHB Eliot Helen 0-0: Foul Ball, location: 2F
0-1: Ball
1-1: Called Strike
1-2: DOUBLE (Line Drive, 89M)
Ryan Campbell to third
Batting: SHB Sloan James 0-0: DOUBLE (Flyball, 7D)
Ryan Campbell scores
Eliot Helen scores
Batting: LHB Fernando De La Cruz 0-0: Foul Ball, location: 2F
0-1: Ball
1-1: SINGLE (Flyball, 6MD)
Sloan James to third
Pitching: RHP Rafael Trujillo
Batting: RHB Matthieu Vancini 0-0: Called Strike
0-1: Called Strike
0-2: Foul Ball, location: 2F
0-2: Foul Ball, location: 2F
0-2: Grounds into double play, 6-4-3 (Groundball, 6)
Sloan James scores
Batting: RHB Brian George 0-0: Ball
1-0: Called Strike
1-1: Ball
2-1: Fly out, F4 (Popup, 4S)
Top of the 5th over - 3 run(s), 4 hit(s), 0 error(s), 0 left on base; Las Vegas 4 - Albuquerque 0
BOTTOM OF THE 5TH
Albuquerque Isotopes batting - Pitching for Las Vegas Stars : RHP Brett Dwyer
Batting: LHB Domingo Cardona 0-0: Foul Ball, location: 2F
0-1: Ball
1-1: Foul Ball, location: 2F
1-2: Ground out 1-3 (Groundball, 13S)
Batting: RHB Roberto Pérez 0-0: Ball
1-0: Ball
2-0: Called Strike
2-1: Bunt for hit - play at first, batter OUT! 1-3
Batting: RHB Wilson Gonzáles 0-0: Ball
1-0: Fly out, F8 (Line Drive, 8LS)
Bottom of the 5th over - 0 run(s), 0 hit(s), 0 error(s), 0 left on base; Las Vegas 4 - Albuquerque 0
TOP OF THE 6TH
Las Vegas Stars batting - Pitching for Albuquerque Isotopes : RHP Rafael Trujillo
Batting: LHB Evan Slootweg 0-0: Ball
1-0: Ball
2-0: Foul Ball, location: 2F
2-1: Fly out, F8 (Flyball, 78M)
Batting: RHB Bud Major 0-0: SOLO HOME RUN (Flyball, 78XD), Distance : 402 ft
Batting: LHB Paco Rivera 0-0: Ground out U3 (Groundball, 3S)
Batting: RHB Ryan Campbell 0-0: Ball
1-0: Fly out, F8 (Flyball, 8RS)
Top of the 6th over - 1 run(s), 1 hit(s), 0 error(s), 0 left on base; Las Vegas 5 - Albuquerque 0
BOTTOM OF THE 6TH
Albuquerque Isotopes batting - Pitching for Las Vegas Stars : RHP Brett Dwyer
Batting: RHB Sze Qi 0-0: SINGLE (Line Drive, 8LS)
Pitching: RHP Fred Ellis
Batting: RHB Len Burke 0-0: Foul Ball, location: 2F
0-1: Ball
1-1: Foul Ball, location: 2F
1-2: Grounds into double play, 6-4-3 (Groundball, 6)
Batting: SHB Tony McLaughlin 0-0: Ball
1-0: Called Strike
1-1: Fly out, F9 (Flyball, 89S)
Bottom of the 6th over - 0 run(s), 1 hit(s), 0 error(s), 0 left on base; Las Vegas 5 - Albuquerque 0
TOP OF THE 7TH
Las Vegas Stars batting - Pitching for Albuquerque Isotopes : RHP Rafael Trujillo
Pitching: LHP Cris Quezada
Batting: LHB Eliot Helen 0-0: Ball
1-0: Ground out U3 (Groundball, 3L)
Batting: SHB Sloan James 0-0: Swinging Strike
0-1: Foul Ball, location: 2F
0-2: SOLO HOME RUN (Flyball, 78XD), Distance : 385 ft
Batting: LHB Fernando De La Cruz 0-0: Ball
1-0: Swinging Strike
1-1: Ball
2-1: Fly out, F8 (Flyball, 8RXD)
Batting: RHB Matthieu Vancini 0-0: Called Strike
0-1: SINGLE (Line Drive, 4MD)
Batting: RHB Brian George 0-0: Called Strike
Matthieu Vancini steals 2nd base
0-1: Called Strike
0-2: Ball
1-2: Ground out 5-3 (Groundball, 5S)
Top of the 7th over - 1 run(s), 2 hit(s), 0 error(s), 1 left on base; Las Vegas 6 - Albuquerque 0
BOTTOM OF THE 7TH
Albuquerque Isotopes batting - Pitching for Las Vegas Stars : RHP Fred Ellis
Batting: RHB Doug Stephens 0-0: SINGLE (Groundball, 3D)
Batting: LHB Donald Camp 0-0: Swinging Strike
0-1: Ball
1-1: Ball
2-1: Foul Ball, location: 2F
2-2: Foul Ball, location: 2F
2-2: Fly out, F6 (Popup, 6M)
Batting: RHB Edward Young 0-0: Swinging Strike
0-1: Foul Ball, location: 2F
0-2: Fly out, F9 (Flyball, 89D)
Batting: LHB Domingo Cardona 0-0: Ball
1-0: Foul Ball, location: 2F
1-1: Swinging Strike
1-2: Ball
2-2: SINGLE (Flyball, 78M)
Doug Stephens to second
Batting: RHB Roberto Pérez 0-0: Foul Ball, location: 2F
0-1: Foul Ball, location: 2F
0-2: Foul Ball, location: 2F
0-2: Ball
1-2: Foul Ball, location: 2F
1-2: Strikes out swinging
Bottom of the 7th over - 0 run(s), 2 hit(s), 0 error(s), 2 left on base; Las Vegas 6 - Albuquerque 0
TOP OF THE 8TH
Las Vegas Stars batting - Pitching for Albuquerque Isotopes : LHP Cris Quezada
Batting: LHB Evan Slootweg 0-0: Called Strike
0-1: Called Strike
0-2: Foul Ball, location: 2F
0-2: Ball
1-2: Ball
2-2: DOUBLE (Line Drive, 7LM)
Batting: RHB Bud Major 0-0: Fly out, F7 (Flyball, 7M)
Batting: LHB Paco Rivera 0-0: Ball
1-0: Swinging Strike
1-1: Foul Ball, location: 2F
1-2: SINGLE (Line Drive, 9LS)
Evan Slootweg to third
Runner from 3rd tries for Home, SAFE, throw made home
Paco Rivera to second
Pinch Hitting: RHB Shih-k'ai Huang 0-0: Foul Ball, location: 2F
0-1: Ground out 1-3 (Groundball, 13)
Paco Rivera to third
Batting: LHB Eliot Helen 0-0: Fly out, F7 (Flyball, 7LMF)
Top of the 8th over - 1 run(s), 2 hit(s), 0 error(s), 1 left on base; Las Vegas 7 - Albuquerque 0
BOTTOM OF THE 8TH
Albuquerque Isotopes batting - Pitching for Las Vegas Stars : RHP Fred Ellis
Pitching: RHP Mark Newman
Now at 1B: Joe Scott
Now at SS: Xin Zhang
Batting: RHB Wilson Gonzáles 0-0: Ball
1-0: Fly out, F8 (Flyball, 8LXD)
Batting: RHB Sze Qi 0-0: Foul Ball, location: 2F
0-1: Fly out, F4 (Popup, 34D)
Batting: RHB Len Burke 0-0: Ball
1-0: Foul Ball, location: 2F
1-1: Foul Ball, location: 2F
1-2: Ball
2-2: Ball
3-2: Foul Ball, location: 2F
3-2: Fly out, F3 (Popup, 23F)
Bottom of the 8th over - 0 run(s), 0 hit(s), 0 error(s), 0 left on base; Las Vegas 7 - Albuquerque 0
TOP OF THE 9TH
Las Vegas Stars batting - Pitching for Albuquerque Isotopes : LHP Cris Quezada
Pinch Hitting: RHB Bill McGrath 0-0: Called Strike
0-1: Swinging Strike
0-2: Hit by Pitch
Batting: LHB Fernando De La Cruz 0-0: Called Strike
0-1: Ground out 4-3 (Groundball, 4M)
Bill McGrath to second
Batting: RHB Matthieu Vancini 0-0: Ball
1-0: Called Strike
1-1: Called Strike
1-2: Foul Ball, location: 2F
1-2: Ball
2-2: Fly out, F8 (Flyball, 78M)
Batting: RHB Brian George 0-0: Called Strike
0-1: Ball
1-1: Foul Ball, location: 2F
1-2: Foul Ball, location: 2F
1-2: Ground out 4-3 (Groundball, 4)
Top of the 9th over - 0 run(s), 0 hit(s), 0 error(s), 1 left on base; Las Vegas 7 - Albuquerque 0
BOTTOM OF THE 9TH
Albuquerque Isotopes batting - Pitching for Las Vegas Stars : RHP Mark Newman
Now at C: Bill McGrath
Batting: SHB Tony McLaughlin 0-0: Ball
1-0: DOUBLE (Flyball, 78XD)
Batting: RHB Doug Stephens 0-0: Called Strike
0-1: Fly out, F7 (Flyball, 78M)
Batting: LHB Donald Camp 0-0: Called Strike
0-1: SINGLE (Line Drive, 7S)
Tony McLaughlin to third
Runner from 3rd tries for Home, SAFE, no throw or cutoff
Batting: RHB Edward Young 0-0: Called Strike
0-1: Fly out, F9 (Flyball, 9LM)
Batting: LHB Domingo Cardona 0-0: Swinging Strike
0-1: Ball
1-1: Foul Ball, location: 2F
1-2: Foul Ball, location: 2F
1-2: Foul Ball, location: 2F
1-2: Fly out, F2 (Popup, 25F)
Bottom of the 9th over - 1 run(s), 2 hit(s), 0 error(s), 1 left on base; Las Vegas 7 - Albuquerque 1
This league is powered by Out of the Park Baseball, the baseball management simulation game for PC, Mac and Linux
Saturday, April 9th, 2016 - OOTP Baseball 16.8 Build 38